[ AOE2 MATCH · #482000949 ]
UnrankedChinese vs Magyars
Player's team · WIN
Rival team · LOSS
[ REPLAY ANALYSIS · EXTRACTED FROM THE RECORDED GAME ]
Feudal
9:22
Castle
22:44
Imperial
39:34
| APM avg | 28.9 |
| APM peak | 55 |
| eAPM avg | 20.2 |
| Villagers / military | 166 / 488 |
Focus
⚔️ 41.8% · 🌾 58.2%
Militia ×222 · Scout Cavalry ×166 · Knight ×73 · Trebuchet (Packed) ×22 · Spearman ×3 · Monk ×2
Feudal
—
Castle
—
Imperial
—
| APM avg | 46.0 |
| APM peak | 98 |
| eAPM avg | 23.3 |
| Villagers / military | 147 / 312 |
Focus
⚔️ 36.6% · 🌾 63.4%
Spearman ×129 · Cavalry Archer ×113 · Magyar Huszar ×62 · Scout Cavalry ×4 · Monk ×2 · Trebuchet (Packed) ×2
Match map
Initial resources + every placement click. Lines = walls · curves = elevation contours. ◆ gold · ⬟ stone · ● berries · ✦ relic · ◌ wall gap
Your base· ✓ Closed at 22:44 · 62t walls · 1 gate(s)
MushuAkoo's base· ✓ Closed at 18:39 · 35t walls · no gate
Smoothed initial terrain · ◌ = detected wall gap · hover for details
Inputs per minute
— HungryJ - - MushuAkoo
Build order — HungryJ
First 150 of 613 actions detected
| 0:07 | Research | Loom |
| 0:53 | Create | Villager (Male) |
| 0:53 | Create | Villager (Male) |
| 1:32 | Create | Villager (Male) |
| 2:00 | Create | Villager (Male) |
| 2:00 | Create | Villager (Male) |
| 2:03 | Build | Lumber Camp |
| 2:31 | Create | Villager (Male) |
| 2:31 | Create | Villager (Male) |
| 2:32 | Create | Villager (Male) |
| 3:04 | Create | Villager (Male) |
| 3:05 | Create | Villager (Male) |
| 3:26 | Build | House |
| 3:27 | Build | House |
| 3:38 | Build | Palisade Wall |
| 3:39 | Create | Villager (Male) |
| 3:44 | Create | Villager (Male) |
| 3:44 | Create | Villager (Male) |
| 4:28 | Create | Villager (Male) |
| 4:28 | Create | Villager (Male) |
| 5:26 | Create | Villager (Male) |
| 5:38 | Create | Villager (Male) |
| 5:38 | Create | Villager (Male) |
| 5:44 | Build | Palisade Wall |
| 5:56 | Create | Villager (Male) |
| 5:56 | Create | Villager (Male) |
| 5:56 | Create | Villager (Male) |
| 5:56 | Create | Villager (Male) |
| 6:48 | Build | Mill |
| 6:56 | Create | Villager (Male) |
| 7:12 | Research | Feudal Age |
| 7:12 | Research | Feudal Age |
| 7:41 | Build | Lumber Camp |
| 7:59 | Create | Villager (Male) |
| 8:17 | Build | Mill |
| 8:20 | Create | Villager (Male) |
| 8:53 | Build | Barracks |
| 9:03 | Build | Palisade Wall |
| 9:19 | Build | Palisade Wall |
| 9:22 | Age | Feudal Age |
| 9:22 | Build | Palisade Wall |
| 9:28 | Research | Double-Bit Axe |
| 9:32 | Build | House |
| 9:35 | Build | House |
| 9:48 | Create | Villager (Male) |
| 10:09 | Build | Stable |
| 10:11 | Create | Villager (Male) |
| 10:15 | Create | Villager (Male) |
| 10:25 | Create | Spearman |
| 10:47 | Build | House |
| 10:54 | Create | Villager (Male) |
| 11:05 | Create | Scout Cavalry |
| 11:33 | Create | Villager (Male) |
| 11:38 | Build | House |
| 11:43 | Build | House |
| 11:49 | Create | Scout Cavalry |
| 11:56 | Create | Villager (Male) |
| 12:03 | Build | Blacksmith |
| 12:09 | Build | House |
| 12:10 | Build | Palisade Wall |
| 12:24 | Create | Scout Cavalry |
| 12:32 | Create | Villager (Male) |
| 12:39 | Build | Mill |
| 13:04 | Create | Scout Cavalry |
| 13:10 | Build | Palisade Wall |
| 13:12 | Build | Palisade Gate |
| 13:18 | Build | Farm |
| 13:19 | Build | Farm |
| 13:21 | Build | Farm |
| 13:52 | Create | Villager (Male) |
| 14:09 | Build | Farm |
| 14:10 | Build | Farm |
| 14:19 | Build | Farm |
| 14:30 | Build | House |
| 14:35 | Build | Palisade Wall |
| 14:40 | Research | Forging |
| 14:54 | Create | Villager (Male) |
| 15:03 | Create | Spearman |
| 15:05 | Create | Villager (Male) |
| 15:16 | Research | Horse Collar |
| 15:22 | Build | Farm |
| 15:32 | Build | Farm |
| 15:54 | Create | Villager (Male) |
| 15:57 | Create | Villager (Male) |
| 16:25 | Create | Villager (Male) |
| 16:37 | Create | Villager (Male) |
| 16:52 | Create | Villager (Male) |
| 16:55 | Build | Farm |
| 16:56 | Build | Farm |
| 16:58 | Build | Farm |
| 17:00 | Build | Farm |
| 17:04 | Create | Villager (Male) |
| 17:12 | Build | Farm |
| 17:15 | Build | Farm |
| 17:16 | Build | Farm |
| 17:21 | Build | Farm |
| 17:25 | Build | House |
| 17:26 | Build | House |
| 17:26 | Build | House |
| 17:29 | Build | Palisade Wall |
| 17:37 | Build | Farm |
| 17:39 | Research | Wheelbarrow |
| 17:44 | Create | Villager (Male) |
| 17:50 | Build | Mining Camp |
| 18:09 | Create | Villager (Male) |
| 18:24 | Create | Villager (Male) |
| 18:39 | Research | Wheelbarrow |
| 18:53 | Create | Scout Cavalry |
| 18:57 | Research | Scale Barding Armor |
| 19:03 | Research | Gold Mining |
| 19:16 | Build | Lumber Camp |
| 19:39 | Create | Scout Cavalry |
| 20:02 | Research | Castle Age |
| 20:02 | Research | Castle Age |
| 20:06 | Build | House |
| 20:08 | Build | Palisade Wall |
| 20:16 | Create | Scout Cavalry |
| 20:25 | Build | Stable |
| 20:28 | Build | Stable |
| 20:43 | Research | Scale Barding Armor |
| 20:43 | Research | Scale Barding Armor |
| 20:44 | Create | Scout Cavalry |
| 21:08 | Build | House |
| 21:10 | Build | House |
| 21:14 | Build | House |
| 21:15 | Build | House |
| 21:19 | Create | Scout Cavalry |
| 21:20 | Create | Scout Cavalry |
| 21:22 | Create | Villager (Male) |
| 21:37 | Create | Spearman |
| 21:47 | Create | Scout Cavalry |
| 21:47 | Create | Scout Cavalry |
| 21:49 | Research | Bloodlines |
| 21:59 | Create | Scout Cavalry |
| 22:13 | Create | Scout Cavalry |
| 22:13 | Create | Scout Cavalry |
| 22:13 | Create | Scout Cavalry |
| 22:31 | Build | House |
| 22:33 | Build | House |
| 22:34 | Build | House |
| 22:36 | Build | House |
| 22:39 | Build | Palisade Wall |
| 22:43 | Create | Scout Cavalry |
| 22:44 | Age | Castle Age |
| 22:44 | Create | Scout Cavalry |
| 22:44 | Create | Scout Cavalry |
| 22:57 | Build | Town Center |
| 23:16 | Build | Town Center |
| 23:19 | Create | Villager (Male) |
| 23:21 | Create | Scout Cavalry |
Build order — MushuAkoo
First 150 of 485 actions detected
| 0:01 | Create | Villager (Male) |
| 0:01 | Create | Villager (Male) |
| 0:02 | Create | Villager (Male) |
| 0:02 | Build | House |
| 0:03 | Build | House |
| 0:24 | Create | Villager (Male) |
| 1:36 | Create | Villager (Male) |
| 2:02 | Create | Villager (Male) |
| 2:25 | Create | Villager (Male) |
| 2:51 | Create | Villager (Male) |
| 2:51 | Create | Villager (Male) |
| 3:15 | Create | Villager (Male) |
| 3:43 | Create | Villager (Male) |
| 3:44 | Create | Villager (Male) |
| 3:51 | Build | House |
| 3:53 | Build | House |
| 4:31 | Create | Villager (Male) |
| 4:32 | Create | Villager (Male) |
| 4:32 | Create | Villager (Male) |
| 4:51 | Create | Villager (Male) |
| 4:53 | Build | Mill |
| 5:11 | Build | Lumber Camp |
| 5:12 | Create | Villager (Male) |
| 5:39 | Research | Loom |
| 6:41 | Research | Feudal Age |
| 8:16 | Build | Barracks |
| 8:41 | Create | Villager (Male) |
| 9:01 | Build | Stable |
| 9:12 | Create | Villager (Male) |
| 9:17 | Build | Palisade Wall |
| 9:41 | Create | Villager (Male) |
| 9:42 | Create | Scout Cavalry |
| 9:42 | Create | Scout Cavalry |
| 9:42 | Create | Scout Cavalry |
| 9:44 | Build | House |
| 9:54 | Research | Double-Bit Axe |
| 10:07 | Create | Villager (Male) |
| 10:18 | Build | House |
| 10:32 | Build | Mill |
| 10:38 | Build | Palisade Wall |
| 10:40 | Create | Villager (Male) |
| 10:59 | Create | Villager (Male) |
| 11:21 | Build | Palisade Wall |
| 11:31 | Create | Villager (Male) |
| 11:32 | Research | Horse Collar |
| 11:45 | Build | Farm |
| 11:48 | Build | Farm |
| 11:50 | Build | Farm |
| 11:53 | Build | Farm |
| 11:54 | Create | Villager (Male) |
| 12:06 | Build | Farm |
| 12:16 | Build | House |
| 12:22 | Build | Palisade Wall |
| 12:24 | Create | Villager (Male) |
| 12:35 | Build | Farm |
| 12:50 | Create | Villager (Male) |
| 12:56 | Build | Farm |
| 12:59 | Build | Farm |
| 13:03 | Build | Farm |
| 13:10 | Create | Villager (Male) |
| 13:13 | Build | Farm |
| 13:26 | Build | Farm |
| 13:41 | Create | Villager (Male) |
| 13:44 | Build | Farm |
| 13:50 | Build | Farm |
| 14:04 | Create | Villager (Male) |
| 14:15 | Build | Mining Camp |
| 14:24 | Build | Palisade Wall |
| 14:42 | Create | Villager (Male) |
| 14:44 | Build | Palisade Wall |
| 14:45 | Build | Palisade Wall |
| 14:46 | Build | Palisade Wall |
| 14:59 | Build | House |
| 15:02 | Build | Palisade Wall |
| 15:06 | Build | Palisade Wall |
| 15:07 | Build | Palisade Wall |
| 15:09 | Build | Palisade Wall |
| 15:14 | Create | Villager (Male) |
| 15:28 | Create | Spearman |
| 15:52 | Create | Villager (Male) |
| 16:24 | Create | Villager (Male) |
| 16:51 | Create | Villager (Male) |
| 17:17 | Create | Villager (Male) |
| 17:32 | Build | Palisade Wall |
| 17:43 | Create | Villager (Male) |
| 17:50 | Build | Blacksmith |
| 18:11 | Create | Villager (Male) |
| 18:15 | Build | Farm |
| 18:39 | Research | Castle Age |
| 18:50 | Build | Archery Range |
| 19:06 | Build | Mining Camp |
| 19:26 | Create | Scout Cavalry |
| 19:35 | Research | Gold Mining |
| 19:55 | Build | House |
| 20:05 | Build | Palisade Wall |
| 20:09 | Build | Palisade Wall |
| 20:23 | Research | Stone Mining |
| 20:26 | Research | Fletching |
| 20:41 | Build | Archery Range |
| 20:45 | Build | Palisade Wall |
| 20:53 | Create | Villager (Male) |
| 21:26 | Build | Town Center |
| 21:30 | Create | Cavalry Archer |
| 21:48 | Create | Villager (Male) |
| 22:01 | Build | Monastery |
| 22:06 | Create | Villager (Male) |
| 22:35 | Create | Cavalry Archer |
| 22:36 | Create | Villager (Male) |
| 22:37 | Create | Villager (Male) |
| 22:39 | Research | Padded Archer Armor |
| 22:49 | Create | Villager (Male) |
| 22:51 | Create | Monk |
| 22:59 | Create | Cavalry Archer |
| 23:07 | Research | Bow Saw |
| 23:09 | Create | Villager (Male) |
| 23:10 | Create | Villager (Male) |
| 23:14 | Create | Villager (Male) |
| 23:25 | Research | Wheelbarrow |
| 23:33 | Create | Cavalry Archer |
| 23:34 | Create | Cavalry Archer |
| 23:35 | Create | Villager (Male) |
| 23:36 | Create | Villager (Male) |
| 23:37 | Research | Bodkin Arrow |
| 23:57 | Create | Monk |
| 24:00 | Create | Villager (Male) |
| 24:00 | Create | Villager (Male) |
| 24:16 | Build | Town Center |
| 24:18 | Create | Villager (Male) |
| 24:18 | Create | Villager (Male) |
| 24:22 | Create | Cavalry Archer |
| 24:30 | Create | Villager (Male) |
| 24:30 | Create | Villager (Male) |
| 24:35 | Build | House |
| 24:55 | Create | Villager (Male) |
| 24:55 | Create | Villager (Male) |
| 24:55 | Create | Villager (Male) |
| 24:57 | Build | Farm |
| 25:00 | Build | House |
| 25:01 | Build | House |
| 25:18 | Create | Villager (Male) |
| 25:19 | Create | Villager (Male) |
| 25:30 | Create | Cavalry Archer |
| 25:32 | Research | Pikeman (upgrade) |
| 25:34 | Create | Villager (Male) |
| 25:34 | Create | Villager (Male) |
| 25:37 | Create | Villager (Male) |
| 26:10 | Create | Villager (Male) |
| 26:10 | Create | Villager (Male) |
| 26:11 | Create | Villager (Male) |
| 26:16 | Create | Villager (Male) |
Match timeline
| 3:38 | HungryJ · wall_segment Palisade Wall x8 |
| 5:44 | HungryJ · wall_segment Palisade Wall x12 |
| 8:16 | MushuAkoo · first_building Barracks |
| 8:53 | HungryJ · first_building Barracks |
| 9:01 | MushuAkoo · first_building Stable |
| 9:03 | HungryJ · wall_segment Palisade Wall x8 |
| 9:17 | MushuAkoo · wall_segment Palisade Wall x3 |
| 9:19 | HungryJ · wall_segment Palisade Wall x1 |
| 9:22 | HungryJ · age_up feudal |
| 9:22 | HungryJ · wall_segment Palisade Wall x1 |
| 10:09 | HungryJ · first_building Stable |
| 10:38 | MushuAkoo · wall_segment Palisade Wall x1 |
| 11:21 | MushuAkoo · wall_segment Palisade Wall x5 |
| 12:10 | HungryJ · wall_segment Palisade Wall x1 |
| 12:22 | MushuAkoo · wall_segment Palisade Wall x9 |
| 13:10 | HungryJ · wall_segment Palisade Wall x6 |
| 14:24 | MushuAkoo · wall_segment Palisade Wall x8 |
| 14:35 | HungryJ · wall_segment Palisade Wall x17 |
| 14:44 | MushuAkoo · wall_segment Palisade Wall x1 |
| 14:45 | MushuAkoo · wall_segment Palisade Wall x1 |
| 14:46 | MushuAkoo · wall_segment Palisade Wall x1 |
| 15:02 | MushuAkoo · wall_segment Palisade Wall x1 |
| 15:06 | MushuAkoo · wall_segment Palisade Wall x1 |
| 15:07 | MushuAkoo · wall_segment Palisade Wall x1 |
| 15:09 | MushuAkoo · wall_segment Palisade Wall x1 |
| 17:29 | HungryJ · wall_segment Palisade Wall x6 |
| 17:32 | MushuAkoo · wall_segment Palisade Wall x2 |
| 18:50 | MushuAkoo · first_building Archery Range |
| 20:05 | MushuAkoo · wall_segment Palisade Wall x4 |
| 20:08 | HungryJ · wall_segment Palisade Wall x1 |
| 20:09 | MushuAkoo · wall_segment Palisade Wall x2 |
| 20:45 | MushuAkoo · wall_segment Palisade Wall x1 |
| 22:01 | MushuAkoo · first_building Monastery |
| 22:39 | HungryJ · wall_segment Palisade Wall x1 |
| 22:44 | HungryJ · age_up castle |
| 27:05 | HungryJ · first_building Monastery |
| 28:19 | MushuAkoo · wall_segment Palisade Wall x1 |
| 28:37 | HungryJ · first_market_buy 100 stone |
| 29:33 | MushuAkoo · first_building Castle |
| 30:26 | MushuAkoo · wall_segment Stone Wall x1 |
| 30:26 | MushuAkoo · wall_segment Stone Wall x1 |
| 31:15 | MushuAkoo · first_market_buy 100 food |
| 31:20 | MushuAkoo · first_market_sell 100 stone |
| 34:19 | MushuAkoo · wall_segment Stone Wall x15 |
| 34:32 | HungryJ · wall_segment Palisade Wall x7 |
| 34:35 | MushuAkoo · wall_segment Stone Wall x5 |
| 34:38 | MushuAkoo · wall_segment Stone Wall x5 |
| 34:39 | MushuAkoo · wall_segment Stone Wall x6 |
| 38:16 | MushuAkoo · wall_segment Stone Wall x8 |
| 39:34 | HungryJ · age_up imperial |
| 40:22 | HungryJ · first_building Castle |
| 43:41 | HungryJ · first_market_sell 500 wood |
| 55:14 | MushuAkoo · resign |
[ AI ANALYSIS · 1 CREDIT ]
What really happened in this match?
Wolo.gg analyzes every decision: build order, eco, micro, common mistakes by bracket. Personalized analysis on WhatsApp or Discord in 30 seconds.
Civ guide
Chinese
Perfil
Jugador #2918638